 Dungeon Crawl Stone Soup version 0.21.1-1-g345015f (webtiles) character file.

91 vatarom the Ruffian (level 4, -1/38 HPs)
             Began as a Ghoul Monk on May 8, 2018.
             Was a Believer of Wu Jian.
             Slain by Crazy Yiuf
             ... wielding a +2 quarterstaff of chaos
              (7 damage)
             ... on level 3 of the Dungeon.
             The game lasted 00:05:53 (2591 turns).

vatarom the Ruffian (Ghoul Monk)                    Turns: 2591, Time: 00:05:54

Health: -1/38      AC:  3    Str: 14    XL:     4   Next: 57%
Magic:  3/3        EV: 12    Int:  6    God:    Wu Jian [**....]
Gold:   169        SH:  0    Dex: 11    Spells: 3/3 levels left

rFire    . . .     SeeInvis .     - Unarmed
rCold    + . .     Gourm    .   (no shield)
rNeg     + + +     Faith    .   a - +0 robe
rPois    ∞         Spirit   .   l - +0 helmet
rElec    .         Reflect  .   (no cloak)
rCorr    .         Harm     .   (no gloves)
MR       .....                  (no boots)
Stlth    ++........             (no amulet)
HPRegen  0.00/turn              (no ring)
MPRegen  0.08/turn              (no ring)

@: rotting
A: rotting body, claws 1, carnivore, cold resistance 1, negative energy
resistance 3, inhibited regeneration, torment resistance, unbreathing
a: Wall Jump, Renounce Religion


You were on level 3 of the Dungeon.
You worshipped Wu Jian.
Wu Jian was pleased with you.
You were not hungry.

You visited 1 branch of the dungeon, and saw 3 of its levels.

You collected 169 gold pieces.

Inventory:

Hand Weapons
 e - a +2 hunting sling of flaming
Missiles
 j - 39 stones (quivered)
Armour
 a - a +0 robe (worn)
 l - a +0 helmet (worn)
Jewellery
 k - an uncursed ring of protection from cold {unknown}
 n - a cursed ring of poison resistance {unknown}
Scrolls
 f - a scroll of magic mapping {unknown}
 h - 4 scrolls of teleportation {unknown}
 m - a scroll of noise {unknown}
 o - a scroll of enchant weapon {unknown}
 p - 7 scrolls of identify {unknown}
 q - a scroll of immolation {unknown}
 s - a scroll of fog {unknown}
 t - a scroll of random uselessness {unknown}
Potions
 c - a potion of heal wounds
 d - a potion of magic {unknown}
 g - a potion of curing
 r - a potion of berserk rage
Comestibles
 b - 7 rations


   Skills:
 - Level 3.2 Fighting
 - Level 2.6 Dodging
 - Level 2.1 Stealth
 + Level 5.7 Unarmed Combat


You had 3 spell levels left.
You didn't know any spells.

Dungeon Overview and Level Annotations

Branches:
Dungeon (3/15)

Altars:
Ashenzari
Elyvilon
Gozag
Wu Jian

Annotations:
D:3 Crazy Yiuf


Innate Abilities, Weirdness & Mutations

Your body is rotting away.
You thrive on raw meat.
You are immune to poison.
You have sharp fingernails.
You are carnivorous and can eat meat at any time.
Your flesh is cold resistant. (rC+)
You are immune to negative energy. (rN+++)
You do not regenerate when monsters are visible.
You are immune to unholy pain and torment.
You can survive without breathing.


Message History

Space warps horribly around you!
Ouch! That really hurt!
You feel less invigorated.
You feel less confused.
You repeatedly attack Crazy Yiuf from above.
You claw Crazy Yiuf!
Crazy Yiuf is heavily wounded.
You scratch Crazy Yiuf.
Crazy Yiuf is severely wounded.
You barely miss Crazy Yiuf.
Crazy Yiuf is severely wounded.
Crazy Yiuf hits you with a quarterstaff of chaos! x2
* * * LOW HITPOINT WARNING * * *
You spin and attack Crazy Yiuf repeatedly.
You scratch Crazy Yiuf but do no damage.
Crazy Yiuf is severely wounded.
You scratch Crazy Yiuf but do no damage.
Crazy Yiuf is severely wounded.
Crazy Yiuf hits you with a quarterstaff of chaos!
You die...

####......###.
#.........# #.
#....###### #.
#....###### ##
#....##...#
########....##...####
###...........'........
#....g........#########
#...§.@.......'........
####§.§.####..#########
#+..+# #...<.......
♣....♣ ##.#........
♣...♣♣ #.##....###
♣♣.♣♣ #.#........ ♣.♣♣
#.#.....### ♣♣.♣
##.#........ ♣.♣♣
#..#........


You could see Crazy Yiuf (pinned).

Vanquished Creatures
  Robin (D:2)
  An adder (D:3)
  An ooze (D:1)
  A worm (D:2)
  A dart slug (D:3)
  2 leopard geckos
  3 orcs (D:3)
  7 bats
  A giant cockroach (D:1)
  11 goblins
  9 hobgoblins
  4 frilled lizards
  8 kobolds
  5 rats
55 creatures vanquished.

Notes
Turn   | Place    | Note
-------+----------+-------------------------------------------
     0 | D:1      | vatarom the Ghoul Monk began the quest for the Orb.
     0 | D:1      | Reached XP level 1. HP: 19/19 MP: 0/0
   277 | D:1      | Reached skill level 4 in Unarmed Combat
   277 | D:1      | Reached XP level 2. HP: 25/26 MP: 1/1
   583 | D:1      | Reached XP level 3. HP: 30/31 MP: 2/2
   817 | D:2      | Noticed Robin
  1150 | D:2      | Killed Robin
  1150 | D:2      | Reached skill level 5 in Unarmed Combat
  1351 | D:2      | Reached XP level 4. HP: 37/37 MP: 3/3
  1556 | D:2      | Found a shattered altar of Ashenzari.
  1563 | D:2      | Found an opulent altar of Gozag.
  1577 | D:2      | Found an ornate altar of the Wu Jian Council.
  1610 | D:2      | Found a shattered altar of Ashenzari.
  1639 | D:2      | Became a worshipper of the Wu Jian Council
  1639 | D:2      | Reached * piety under Wu Jian
  1639 | D:2      | Reached ** piety under Wu Jian
  2011 | D:3      | Found a white marble altar of Elyvilon.
  2394 | D:3      | Found a runed door.
  2571 | D:3      | Noticed Crazy Yiuf
  2591 | D:3      | Slain by Crazy Yiuf

Skill      XL: |  1  2  3 |
---------------+----------+-----
Unarmed Combat | 4 5 |  5.7
Fighting       | |  3.2
Dodging        | |  2.6
Stealth        | |  2.1

Action                   |  1- 3 |  4- 6 || total
-------------------------+-------+-------++-------
Melee: Unarmed           |    78 |    36 ||   114
       Punch             |       |     1 ||     1
 Fire: Hunting sling     |    12 |    10 ||    22
Invok: Whirlwind         |       |    13 ||    13
       Lunge             |       |     5 ||     5
       Wall Jump         |       |     5 ||     5
  Use: Potion            |     1 |     3 ||     4
       Scroll            |     1 |       ||     1
 Stab: Sleeping          |     5 |     2 ||     7
  Eat: Chunk             |     2 |     4 ||     6
       Ration            |       |     1 ||     1
Armor: Robe              |    11 |     4 ||    15
Dodge: Dodged            |    35 |    13 ||    48
